Map: Whirlwind LE

Players

Leenock

  • Race: Zerg Zerg
  • Spawn Location: 7:00

Zest - Winner!

  • Race: Protoss Protoss
  • Spawn Location: 11:00

Event: IEM Season 11 - Gyeonggi

VOD

https://www.youtube.com/watch?v=eRR4F2HB28A

Description

Time

  • Played on: Dec. 13, 2016, 7:46 p.m.
  • Length: 24:09

All games in this series

Show
View Real Time Build Order
Export as new Build Order

Leenock Zerg 

Build Orders: 3 Hatch before Pool 

Get SALT Encoding   

  12  0:00  Drone  
  13  0:12  Overlord  
  13  0:17  Drone  
  14  0:31  Drone x2  
  14  0:35  Drone  
  17  0:54  Hatchery  
  17  0:55  Drone  
  17  0:57  Drone  
  18  1:06  Drone  
  19  1:17  Drone  
  20  1:27  Hatchery  
  20  1:28  Drone  
  20  1:38  Drone  
  21  1:42  Spawning Pool  
  20  1:50  Drone  
  20  1:52  Extractor  
  20  2:00  Drone  
  21  2:05  Drone  
  22  2:10  Overlord  
  22  2:18  Drone  
  22  2:22  Drone  
  24  2:27  Drone  
  24  2:28  Queen  
  24  2:29  Queen  
  29  2:32  Zergling x2  
  30  2:39  Drone  
  30  2:40  Queen  
  30  2:42  Zergling x2  
  34  2:44  Zergling x2  
  34  2:48  Zergling x2  
  36  2:53  Metabolic Boost  
  36  2:56  Overlord  
  36  3:01  Drone  
  36  3:02  Drone  
  38  3:10  Drone x3  
  38  3:12  Drone  
  41  3:15  Drone  
  41  3:19  Queen  
  44  3:24  Overlord  
  44  3:26  Drone  
  45  3:29  Drone  
  45  3:32  Drone  
  45  3:33  Drone  
  48  3:39  Drone  
  48  3:43  Drone x4  
  48  3:47  Evolution Chamber  
  51  3:51  Queen  
  51  3:53  Drone x2  
  51  3:54  Drone  
  56  3:56  Drone  
  56  3:59  Overlord  
  57  4:04  Drone x2, Extractor  
  57  4:06  Overlord  
  58  4:11  Lair  
  58  4:16  Roach Warren  
  57  4:18  Drone x2  
  57  4:19  Drone  
  57  4:20  Zergling x2  
  61  4:26  Spore Crawler  
  61  4:28  Spore Crawler  
  61  4:29  Zerg Melee Weapons Level 1  
  61  4:30  Spore Crawler  
  58  4:35  Drone x3  
  58  4:36  Zergling x6  
  64  4:44  Overlord x2  
  64  4:46  Zergling x4  
  64  4:52  Overlord  
  66  4:53  Overlord  
  62  5:19  Roach x5  
  70  5:22  Overseer  
  70  5:25  Drone x3  
  70  5:26  Drone  
  70  5:27  Drone  
  70  5:28  Drone x7  
  82  5:30  Drone  
  82  5:32  Hatchery  
  82  5:34  Drone  
  83  5:37  Drone x2, Baneling Nest  
  84  5:43  Drone x3  
  84  5:45  Extractor x2  
  84  5:49  Drone  
  86  6:05  Zergling x8  
  86  6:06  Hatchery, Zergling x14  
  96  6:11  Overlord x2  
  96  6:18  Hatchery, Overlord  
  95  6:19  Overlord  
  91  6:37  Centrifical Hooks  
  91  6:39  Ravager x2  
  95  6:40  Ravager x2  
  95  6:43  Zergling x18  
  95  6:44  Overlord, Queen  
  106  6:48  Drone  
  106  6:49  Zergling x2, Spine Crawler  
  106  6:53  Overlord  
  107  6:58  Ravager  
  108  7:08  Spine Crawler  
  108  7:09  Overlord x6  
  108  7:13  Zerg Melee Weapons Level 2  
  98  7:23  Drone x6  
  98  7:24  Drone x5  
  98  7:26  Extractor, Zergling x4  
  98  7:27  Zergling x2  
  111  7:30  Zergling x2  
  111  7:31  Zergling x2  
  111  7:36  Zergling x2  
  114  7:40  Zergling x4  
  114  7:41  Zergling x4  
  114  7:42  Overseer, Zergling x6  
  121  7:47  Zergling x2  
  121  7:50  Zergling x4  
  124  7:54  Zergling x4  
  124  7:55  Zergling x8  
  124  7:57  Zergling x4  
  133  7:58  Zergling x8  
  133  8:04  Infestation Pit, Zergling x12  
  133  8:05  Baneling x11  
  141  8:06  Baneling x15  
  141  8:09  Zergling x2  
  141  8:10  Zergling x2  
  143  8:13  Zergling x2  
  143  8:14  Zergling x2  
  143  8:20  Zergling x2  
  143  8:21  Zergling x4  
  143  8:25  Zergling x18  
  143  8:27  Zergling x2  
  156  8:34  Zergling x12  
  158  8:35  Zergling x2  
  158  8:39  Zergling x4  
  162  8:43  Baneling x11  
  162  8:47  Zergling x6  
  141  8:59  Zergling x22  
  141  9:01  Zergling x4  
  141  9:02  Zergling x4  
  150  9:04  Hive  
  150  9:05  Zergling x2  
  150  9:07  Zergling x2  
  150  9:08  Zergling x6  
  152  9:18  Zergling x2  
  152  9:21  Zergling x2  
  152  9:22  Zergling x16  
  152  9:31  Zergling x18  
  146  9:32  Baneling  
  146  9:33  Baneling x21  
  146  9:37  Zergling x4  
  138  9:46  Zergling x2  
  138  9:47  Zergling x16  
  128  9:55  Zergling x2  
  128  9:58  Zergling x2  
  128  9:59  Zergling x2  
  116  10:00  Queen, Zergling x12  
  116  10:01  Zergling x6  
  116  10:02  Overseer  
  116  10:03  Zergling x4  
  116  10:05  Zergling x4  
  116  10:06  Zergling x4  
  124  10:09  Zergling x2  
  124  10:10  Zergling x4  
  127  10:14  Zergling x2  
  127  10:15  Zergling x4  
  127  10:16  Zergling x2  
  128  10:25  Adrenal Glands, Zerg Melee Weapons Level 3  
  127  10:30  Ultralisk Cavern  
  127  10:31  Baneling x10  
  126  10:36  Zergling x10  
  126  10:37  Zergling x2  
  127  10:44  Zergling x14  
  127  10:48  Zergling x2  
  134  10:55  Zergling x2  
  134  10:56  Zergling x12  
  134  11:05  Zergling x2  
  134  11:07  Infestor  
  136  11:21  Chitinous Plating  
  136  11:22  Ultralisk  
  136  11:23  Ultralisk  
  136  11:24  Baneling x4  
  136  11:25  Baneling  
  148  11:33  Zergling x2  
  148  11:34  Zergling x34  
  148  11:35  Overlord  
  148  11:39  Overlord  
  155  11:59  Ultralisk  
  155  12:00  Ultralisk, Zergling x14  
  172  12:03  Zergling x2  
  172  12:17  Baneling x3  
  172  12:18  Baneling x2  
  172  12:25  Extractor  
  172  12:27  Hatchery  
  170  12:32  Extractor  
  170  12:36  Ultralisk, Zergling x12  
  156  13:03  Ultralisk x2, Zergling x22  
  129  13:16  Zergling x16  
  129  13:17  Zergling x2  
  127  13:22  Overseer  
  127  13:25  Ultralisk  
  127  13:26  Baneling x7  
  132  13:29  Zergling x2  
  132  13:30  Zergling x10  
  138  13:41  Swarm Host  
  134  13:42  Ultralisk, Zergling x6  
  144  13:52  Viper  
  147  13:56  Extractor  
  147  14:00  Drone x3  
  147  14:01  Drone x3  
  152  14:05  Pneumatized Carapace  
  152  14:06  Overseer x2  
  152  14:08  Zergling x14  
  158  14:17  Spire  
  140  14:39  Spore Crawler  
  140  14:41  Spine Crawler x2  
  137  14:53  Infestor x2  
  137  14:54  Viper x2  
  147  15:02  Extractor x2  
  147  15:06  Zergling x26  
  147  15:07  Zergling x2  
  159  15:32  Greater Spire  
  159  15:45  Corruptor x4  
  159  15:46  Corruptor x3  
  170  15:59  Drone x3  
  172  16:08  Overlord x3  
  170  16:43  Brood Lord  
  170  16:44  Brood Lord x6  
  184  16:52  Baneling x6  
  184  16:53  Zergling x28  
  184  16:54  Zergling x2  
  199  17:01  Overseer  
  199  17:02  Overseer  
  199  17:03  Overseer  
  188  17:40  Corruptor x2  
  188  17:41  Corruptor x5  
  194  17:50  Corruptor  
  194  17:51  Corruptor x2  
  192  18:01  Corruptor  
  171  18:23  Corruptor x3  
  126  19:23  Hatchery  
  30  21:05  Drone  
  30  21:06  Drone  
  32  21:15  Drone  
  33  21:29  Drone x2  
  35  21:49  Drone x2  
  37  21:56  Extractor  
  37  22:15  Drone  
  37  22:16  Drone  
  37  22:17  Spawning Pool  
  31  22:37  Drone x2  
  30  22:50  Drone  
  31  22:51  Extractor  
  30  23:07  Drone x2, Queen  
  34  23:25  Zergling x4  
  36  23:40  Zergling x2  
  22  23:49  Zergling x2  
Show
View Real Time Build Order
Export as new Build Order

Zest Protoss - Winner!

Build Orders: 1 Gate Expand, Zealot Archon, Dark Templar Rush 

Get SALT Encoding   

  12  0:00  Probe (Chrono Boost)  
  13  0:11  Probe (Chrono Boost)  
  14  0:19  Pylon  
  14  0:22  Probe (Chrono Boost)  
  15  0:37  Probe (Chrono Boost)  
  15  0:41  Gateway  
  16  0:48  Probe (Chrono Boost)  
  17  0:51  Assimilator  
  17  0:58  Probe (Chrono Boost)  
  18  1:09  Probe (Chrono Boost)  
  19  1:21  Nexus  
  19  1:24  Probe (Chrono Boost)  
  20  1:34  Cybernetics Core  
  20  1:37  Probe (Chrono Boost)  
  21  1:41  Assimilator  
  21  1:47  Probe (Chrono Boost)  
  21  1:51  Pylon  
  22  1:58  Probe (Chrono Boost)  
  23  2:09  Probe (Chrono Boost)  
  24  2:17  Adept (Chrono Boost)  
  24  2:18  Warp Gate  
  24  2:20  Probe  
  27  2:32  Probe (Chrono Boost), Mothership Core (Chrono Boost)  
  30  2:44  Probe (Chrono Boost)  
  31  2:47  Twilight Council  
  31  2:52  Probe (Chrono Boost)  
  31  2:54  Probe (Chrono Boost)  
  33  3:02  Probe (Chrono Boost)  
  33  3:03  Robotics Facility  
  33  3:05  Probe (Chrono Boost)  
  33  3:13  Probe (Chrono Boost)  
  33  3:15  Probe (Chrono Boost)  
  35  3:24  Probe (Chrono Boost)  
  35  3:26  Probe (Chrono Boost)  
  37  3:28  Dark Shrine  
  37  3:33  Gateway  
  37  3:35  Probe (Chrono Boost), Gateway  
  37  3:39  Probe (Chrono Boost)  
  39  3:41  Gateway  
  39  3:46  Probe (Chrono Boost)  
  39  3:48  Probe (Chrono Boost)  
  40  3:51  Warp Prism (Chrono Boost)  
  43  3:58  Probe x2  
  43  4:02  Pylon  
  45  4:03  Assimilator  
  45  4:07  Assimilator, Pylon  
  45  4:09  Probe  
  46  4:19  Probe  
  46  4:20  Probe (Chrono Boost)  
  46  4:23  Stalker  
  50  4:32  Probe (Chrono Boost)  
  50  4:34  Probe (Chrono Boost)  
  52  4:43  Probe (Chrono Boost)  
  52  4:45  Pylon  
  54  4:46  Dark Templar x2, Probe (Chrono Boost)  
  54  4:47  Dark Templar  
  54  4:50  Dark Templar  
  62  4:54  Pylon  
  62  5:02  Nexus  
  60  5:14  Probe (Chrono Boost)  
  60  5:15  Probe (Chrono Boost)  
  60  5:17  Warp Prism (Chrono Boost)  
  60  5:22  Pylon  
  60  5:26  Gateway  
  60  5:27  Gateway  
  60  5:28  Dark Templar x2  
  62  5:31  Probe  
  62  5:32  Probe  
  66  5:41  Archon x2  
  66  5:47  Gateway  
  66  5:48  Gateway  
  66  5:49  Immortal (Chrono Boost)  
  70  5:51  Pylon  
  70  5:53  Blink (Chrono Boost)  
  70  5:56  Sentry  
  70  5:57  Sentry  
  74  6:00  Sentry, Pylon  
  76  6:09  Probe  
  77  6:19  Probe  
  77  6:21  Probe x2  
  77  6:23  Forge  
  84  6:25  Immortal (Chrono Boost)  
  84  6:30  Probe  
  85  6:33  Probe  
  85  6:35  Probe  
  87  6:40  Probe  
  87  6:45  Assimilator, Probe  
  87  6:47  Probe, Pylon  
  90  6:49  Assimilator  
  90  6:51  Probe  
  91  6:56  Pylon  
  91  6:57  Probe, Pylon  
  91  6:59  Observer (Chrono Boost), Probe  
  94  7:09  Dark Templar x2, Zealot x2  
  94  7:10  Probe  
  94  7:14  Immortal (Chrono Boost)  
  103  7:20  Probe  
  103  7:21  Probe  
  109  7:22  Probe  
  109  7:23  Protoss Ground Weapons Level 1 (Chrono Boost)  
  109  7:26  Photon Cannon  
  109  7:28  Pylon  
  110  7:32  Dark Templar x2  
  110  7:33  Zealot x4  
  110  7:36  Pylon  
  122  7:39  Pylon  
  122  7:41  Charge  
  122  7:42  Archon  
  122  7:43  Archon, Pylon  
  122  7:54  Immortal  
  122  7:55  Photon Cannon  
  122  7:57  Photon Cannon  
  126  8:06  Nexus  
  126  8:07  Pylon  
  126  8:09  Pylon  
  126  8:15  Dark Templar x4  
  134  8:20  Probe  
  134  8:21  Probe x2  
  134  8:23  Archon x2  
  137  8:31  Immortal  
  141  8:41  Photon Cannon  
  141  8:43  Gateway x2  
  141  8:47  Dark Templar x4  
  135  9:00  Probe  
  135  9:01  Probe  
  137  9:03  Archon  
  137  9:04  Archon  
  137  9:05  Immortal  
  137  9:07  Probe  
  138  9:13  Protoss Ground Weapons Level 2 (Chrono Boost), Probe x2  
  142  9:21  Zealot x7  
  142  9:35  Probe x2  
  117  9:54  Dark Templar x3  
  117  9:55  Zealot x6  
  81  10:01  Dark Templar x2, Zealot  
  81  10:02  Zealot  
  83  10:14  Archon  
  83  10:16  Zealot x2  
  83  10:17  Dark Templar  
  85  10:24  Dark Templar, Zealot  
  87  10:29  Archon  
  87  10:30  Dark Templar x2, Zealot  
  87  10:31  Archon, Probe x3  
  87  10:32  Probe  
  97  10:37  Archon  
  97  10:41  Dark Templar, Zealot x3  
  105  10:46  Dark Templar  
  101  10:51  Zealot x2  
  101  10:56  Archon  
  101  10:57  Dark Templar  
  104  11:02  Probe  
  104  11:03  Probe  
  104  11:04  Immortal, Probe x2  
  107  11:13  Probe  
  107  11:16  Probe x3  
  111  11:19  Protoss Ground Armor Level 1 (Chrono Boost)  
  111  11:21  Dark Templar  
  111  11:24  Probe  
  113  11:28  Probe x2  
  113  11:30  Dark Templar x2, Zealot  
  113  11:31  Zealot x2  
  126  11:34  Pylon  
  126  11:35  Probe x2  
  128  11:40  Assimilator  
  128  11:42  Archon  
  128  11:43  Zealot  
  128  11:44  Zealot  
  132  11:54  Zealot x2  
  126  12:00  Pylon  
  123  12:07  Dark Templar x2  
  127  12:13  Archon  
  127  12:17  Archon  
  127  12:18  Sentry  
  127  12:19  Dark Templar  
  131  12:23  Assimilator  
  131  12:27  Immortal, Photon Cannon  
  135  12:50  Dark Templar x3  
  135  12:51  Dark Templar x3, Zealot x2  
  114  13:06  Dark Templar x2  
  108  13:25  Immortal, Photon Cannon, Pylon  
  108  13:26  Archon x2  
  108  13:27  Archon  
  108  13:28  Dark Templar, Archon  
  114  13:35  Dark Templar  
  109  13:51  Probe  
  109  13:52  Protoss Ground Weapons Level 3 (Chrono Boost), Probe x3  
  109  13:54  Dark Templar  
  109  13:55  Dark Templar  
  117  13:59  Immortal  
  117  14:01  Probe  
  117  14:02  Pylon  
  117  14:04  Probe  
  117  14:07  Dark Templar  
  117  14:08  Probe x2  
  127  14:12  Probe  
  127  14:14  Archon  
  127  14:15  Archon  
  128  14:24  Zealot x2  
  128  14:27  Zealot  
  132  14:34  Immortal  
  134  14:48  Dark Templar  
  134  14:50  Dark Templar x4, Sentry  
  146  14:55  Probe  
  146  14:56  Probe x2  
  146  14:57  Pylon  
  146  14:59  Probe  
  149  15:05  Archon x2  
  150  15:14  Immortal  
  154  15:24  Stargate  
  154  15:26  Dark Templar  
  155  15:40  Dark Templar x4  
  163  15:42  Zealot  
  163  15:43  Zealot x2  
  163  15:48  Immortal, Archon x2  
  169  16:01  Nexus  
  169  16:02  Sentry, Pylon  
  171  16:19  Photon Cannon  
  171  16:20  Pylon  
  171  16:21  Gateway  
  171  16:22  Gateway  
  171  16:24  Oracle (Chrono Boost)  
  174  16:28  Stargate  
  174  16:29  Fleet Beacon  
  173  16:33  Dark Templar  
  175  16:53  Immortal  
  179  17:21  Dark Templar, Zealot x3  
  179  17:22  Tempest (Chrono Boost)  
  195  17:32  Archon  
  174  17:45  Assimilator  
  174  17:47  Assimilator  
  171  17:53  Stargate  
  171  17:54  Stargate  
  93  20:05  Nexus  
  93  20:10  Pylon  
  93  20:36  Phoenix (Chrono Boost)  
  31  21:17  Gateway  
  31  21:20  Gateway  
  31  21:22  Pylon  
  31  21:23  Pylon  
  31  22:02  Archon  
  31  22:04  Cybernetics Core  
  5  22:50  Stalker x2  
  9  23:11  Stalker  
  11  23:13  Stalker  
  12  23:32  Stalker  

Tags
 
Add a new tag
Caveats
  • Supply blocks, unpowered buildings, or Contaminate may cause inaccurate times.
  • Supply counts are checked every 10 seconds.